 Dungeon Crawl Stone Soup version 0.20-a0-792-g09bcfd3 (webtiles) character file.

2249 Dfrag the Thaumaturge (level 9, -9/68 HPs)
             Began as a Naga Conjurer on Mar 1, 2017.
             Was an Initiate of Vehumet.
             Mangled by Duvessa
             ... wielding a +0 vampiric rapier
              (17 damage)
             ... on level 7 of the Dungeon.
             The game lasted 00:09:18 (5133 turns).

Dfrag the Thaumaturge (Naga Conjurer)               Turns: 5133, Time: 00:09:20

Health: -9/68      AC:  6    Str: 10    XL:     9   Next: 37%
Magic:  11/22      EV: 10    Int: 22    God:    Vehumet [......]
Gold:   414        SH:  0    Dex: 13    Spells: 23/26 levels left

rFire    + + .     SeeInvis +   m - +3 scythe
rCold    x . .     Gourm    .   a - +0 robe
rNeg     . . .     Faith    .   (shield currently unavailable)
rPois    +         Spirit   .   (no helmet)
rElec    .         Reflect  .   h - +0 cloak
rCorr    .         Harm     .   (no gloves)
MR       +....     Clarity  +   (no barding)
Stlth    ++........             (no amulet)
Regen    0.3/turn               u - ring of fire
MPRegen  0.2/turn               r - +4 ring of intelligence

@: very slow
A: see invisible, clarity, deformed body, fire resistance 1, sense surroundings
1, poison resistance, shaggy fur 1, slowness 2, slow metabolism 1, spit poison
1, evolution 1, MP-powered wands, AC +3
a: Spit Poison, Renounce Religion


You were on level 7 of the Dungeon.
You worshipped Vehumet.
Vehumet was noncommittal.
You were not hungry.

You visited 2 branches of the dungeon, and saw 8 of its levels.

You collected 414 gold pieces.

Inventory:

Hand Weapons
 m - a +3 scythe (weapon)
Missiles
 o - 2 throwing nets (quivered)
Armour
 a - a +0 robe (worn)
 h - a +0 cloak (worn)
Jewellery
 r - a +4 ring of intelligence (left hand)
 u - a ring of fire (right hand)
 E - an uncursed ring of magical power {unknown}
Wands
 y - a wand of acid (14/15)
Scrolls
 d - 3 scrolls of magic mapping {unknown}
 e - 5 scrolls of immolation {unknown}
 f - 4 scrolls of remove curse {unknown}
 g - 2 scrolls of teleportation {unknown}
 k - 2 scrolls of enchant weapon {unknown}
 q - a scroll of noise {unknown}
 s - a scroll of blinking {unknown}
 t - 4 scrolls of fog {unknown}
 x - 4 scrolls of amnesia {unknown}
 C - a scroll of holy word {unknown}
 F - a scroll of recharging {unknown}
 H - a scroll of acquirement {unknown}
Potions
 l - 4 potions of brilliance {unknown}
 n - 4 potions of lignification {unknown}
 p - 2 potions of curing {unknown}
 w - a potion of cancellation {unknown}
 z - a potion of degeneration {unknown}
 A - a potion of mutation {unknown}
 B - a potion of flight {unknown}
Books
 b - a book of Conjurations

   Spells                             Type                      Level
   a - Magic Dart                     Conjuration                  1
   b - Searing Ray                    Conjuration                  2
   c - Dazzling Spray                 Conjuration/Hexes            3
   d - Fulminant Prism                Conjuration/Hexes            4
   e - Force Lance                    Conjuration/Translocation    4
   f - Iskenderun's Mystic Blast      Conjuration                  4
 G - a book of Geomancy

   Spells                             Type                      Level
   a - Sandblast                      Earth                        1
   b - Passwall                       Transmutation/Earth          2
   c - Stone Arrow                    Conjuration/Earth            3
   d - Petrify                        Transmutation/Earth          4
   e - Lee's Rapid Deconstruction     Earth                        5
Comestibles
 c - 5 bread rations
 i - 5 royal jellies
 j - 3 meat rations
 v - a fruit
 D - 5 chunks of flesh


   Skills:
 - Level 1.5 Dodging
 - Level 3.0 Stealth
 * Level 9.3 Spellcasting
 + Level 8.2 Conjurations


You had 23 spell levels left.
You knew the following spells:

 Your Spells              Type           Power        Failure   Level  Hunger
a - Magic Dart            Conj           ####         1%          1    None
b - Searing Ray           Conj           #####.       1%          2    None


Dungeon Overview and Level Annotations

Branches:
Dungeon (7/15)             Temple (1/1) D:6

Altars:
Dithmenos
Elyvilon
Fedhas
Kikubaaqudgha
Makhleb
Nemelex Xobeh
Okawaru
Qazlal
Ru
Sif Muna
Trog
Vehumet
Wu Jian
Xom
Yredelemnul
Lugonu

Shops:
D:4 }

Annotations:
D:7 Duvessa


Innate Abilities, Weirdness & Mutations

You cannot wear boots.
Your serpentine skin is tough. (AC +3)
You have supernaturally acute eyesight. (SInv)
Armour fits poorly on your strangely shaped body.
Your system is resistant to poisons. (rPois)
You cover ground very slowly.
You have a slow metabolism.
You can spit poison.
You possess an exceptional clarity of mind.
Your flesh is heat resistant. (rF+)
You passively map a small area around you.
You are covered in fur. (AC +1)
You evolve.
You expend magic power (3 MP) to strengthen your wands.


Message History

Duvessa is moderately wounded.
Duvessa hits you with a vampiric rapier!
The searing ray hits Duvessa.
Duvessa is moderately wounded.
You finish channeling your searing ray.
Duvessa hits you with a vampiric rapier!
* * * LOW HITPOINT WARNING * * *
Casting: Searing Ray
Confirm with . or Enter, or press ? or * to list all spells.
Aiming: Searing Ray
Press: ? - help, Shift-Dir - straight line, f/p - Duvessa
Aim: Duvessa, wielding a vampiric rapier and wearing a leather armour (moderately wounded, berserk, fast, unusually strong)
The searing ray hits Duvessa.
Duvessa is heavily wounded. (Press . to maintain the ray.) Duvessa hits you with a vampiric rapier!
* * * LOW HITPOINT WARNING * * *
Duvessa draws strength from your wounds!
Duvessa hits you with a vampiric rapier!
You die...

### #.# ##########.#
#..........# #.########.# #.#
#@# #.# #e# #.# #.#
######.########.################
#...............................
#.####....).###'####.#########.#
* ######.##.......# #.... ,
#.##.......# ##### #.##.......#
#


You could see Duvessa (berserk).

Vanquished Creatures
  Sigmund (D:2)
  A sky beast (D:5)
  3 ogres
  3 centaurs
  2 big kobolds (D:6)
  A bullfrog (D:6)
  2 gnoll sergeants (D:6)
  Dowan (D:7)
  A howler monkey (D:5)
  3 crimson imps
  6 hounds (D:6)
  A gnoll shaman (D:6)
  An orc priest (D:6)
  5 orc wizards (D:6)
  2 iguanas
  8 worker ants
  A bullfrog skeleton (D:6)
  A killer bee zombie (D:5)
  A hound zombie (D:5)
  2 hound skeletons
  A worker ant zombie (D:5)
  10 gnolls
  A howler monkey skeleton (D:4)
  6 adders
  2 shadow imps
  An ooze (D:1)
  4 worms
  5 leopard geckos
  5 orcs
  2 ball pythons
  5 giant cockroaches
  2 goblins
  6 hobgoblins
  3 jackals (D:2)
  5 quokkas
  5 bats
  5 frilled lizards
  A jackal skeleton (D:5)
  13 kobolds
  2 leopard gecko skeletons (D:7)
  5 rats
135 creatures vanquished.

Vanquished Creatures (others)
  The ghost of kinenseiburu the Chiller, a novice MfIE of Fedhas (D:6)
  A black bear (D:6)
  An ogre (D:6)
  An orc (D:6)
  A jackal (D:6)
5 creatures vanquished.

Grand Total: 140 creatures vanquished

Notes
Turn   | Place    | Note
-------+----------+-------------------------------------------
     0 | D:1      | Dfrag the Naga Conjurer began the quest for the Orb.
     0 | D:1      | Reached XP level 1. HP: 15/15 MP: 3/3
   355 | D:1      | Reached XP level 2. HP: 5/22 MP: 0/5
   359 | D:1      | Learned a level 2 spell: Searing Ray
   551 | D:2      | Noticed Sigmund
   562 | D:2      | Killed Sigmund
   562 | D:2      | Reached skill level 4 in Spellcasting
   562 | D:2      | Reached skill level 5 in Conjurations
   562 | D:2      | Reached XP level 3. HP: 25/28 MP: 1/8
   562 | D:2      | Reached XP level 4. HP: 32/36 MP: 1/10
   562 | D:2      | Reached XP level 5. HP: 38/42 MP: 1/11
   582 | D:2      | Found a shadowy altar of Dithmenos.
   611 | D:2      | Found a faded altar of an unknown god.
   663 | D:2      | Found a bloodstained altar of Trog.
   670 | D:2      | Found an iron altar of Okawaru.
  1352 | D:3      | Reached XP level 6. HP: 49/49 MP: 9/13
  1846 | D:4      | Found a blossoming altar of Fedhas.
  1942 | D:4      | Reached skill level 5 in Spellcasting
  1967 | D:4      | Found Tinoamyt's Gadget Boutique.
  2271 | D:4      | Reached XP level 7. HP: 55/55 MP: 8/15
  2584 | D:5      | Entered Level 5 of the Dungeon
  2589 | D:5      | Reached skill level 6 in Spellcasting
  2898 | D:5      | Gained mutation: Your flesh is heat resistant. (rF+) [mutagenic meat]
  2899 | D:5      | Gained mutation: You expend magic power (3 MP) to strengthen your wands. [mutagenic meat]
  2900 | D:5      | Gained mutation: You passively map a small area around you. [mutagenic meat]
  2901 | D:5      | Gained mutation: You are covered in fur. (AC +1) [mutagenic meat]
  2902 | D:5      | Gained mutation: You evolve. [mutagenic meat]
  3069 | D:5      | Reached XP level 8. HP: 57/62 MP: 11/18
  3087 | D:5      | Found a sacrificial altar of Ru.
  3263 | D:6      | Reached skill level 7 in Spellcasting
  3487 | D:6      | Found a basalt altar of Yredelemnul.
  3490 | D:6      | Killed kinenseiburu's ghost
  3748 | D:6      | Reached skill level 8 in Spellcasting
  4116 | D:6      | Reached XP level 9. HP: 55/68 MP: 12/21
  4275 | D:6      | Reached skill level 9 in Spellcasting
  4411 | D:6      | Found a deep blue altar of Sif Muna.
  4484 | D:6      | Found a staircase to the Ecumenical Temple.
  4493 | Temple   | Entered the Ecumenical Temple
  4518 | Temple   | Became a worshipper of Vehumet
  4590 | D:6      | Found a stormy altar of Qazlal.
  4711 | D:6      | Gained mutation: You possess an exceptional clarity of mind. [evolution]
  4980 | D:7      | Found a blossoming altar of Fedhas.
  5115 | D:7      | Noticed Dowan
  5116 | D:7      | Noticed Duvessa
  5127 | D:7      | Killed Dowan
  5133 | D:7      | Mangled by Duvessa

Vault maps used:
D:1:      dpeg_arrival_simpleton_b
D:2:      overflow_temple_1_default, lemuel_crystal_altar,
          chequers_ecumenical_altar_island, okawaru_metal_pillars_3,
          uniq_sigmund
D:4:      first_bread, serial_shops, shop, fedhas_altar_1
D:5:      nicolae_ru_sacrificial_ziggurat
D:6:      kennysheep_housing_project, marbit_many_paths, lemuel_doored_altar,
          lemuel_temple_firewalk_a, led_sif_book
D:7:      nicolae_overflow_crystal_walls, uniq_duvessa
Temple:   corrupted_temple

Skill      XL: |  1  2  3  4  5  6  7  8  9 |
---------------+----------------------------+-----
Spellcasting   | 4 5 6 8 9 |  9.3
Conjurations   | 5 6 7 8 |  8.2
Dodging        | |  1.5
Stealth        | |  3.0

Action                   |  1- 3 |  4- 6 |  7- 9 || total
-------------------------+-------+-------+-------++-------
Melee: Unarmed           |     5 |       |       ||     5
       Scythe            |       |    34 |    33 ||    67
 Cast: Magic Dart        |    10 |    40 |    55 ||   105
       Searing Ray       |     1 |     9 |    49 ||    59
 Abil: Spit Poison       |    11 |    10 |    16 ||    37
 Stab: Sleeping          |       |     6 |       ||     6
  Eat: Chunk             |       |     5 |    13 ||    18
Armor: Robe              |     2 |    17 |    49 ||    68
Dodge: Dodged            |     7 |    21 |    77 ||   105
